 Dungeon Crawl Stone Soup version 0.31-a0-222-gefeffbb62a (webtiles) character file.

Game seed: 13762535126616519907

140 innerfire43 the Trooper (level 5, -3/42 HPs)
             Began as a Demonspawn Monk on July 5, 2023.
             Slain by a cerulean imp
             ... wielding a +2 spear
             ... summoned by Natasha
              (5 damage)
             ... on level 2 of the Dungeon.
             The game lasted 00:01:33 (1989 turns).

innerfire43 the Trooper (Demonspawn Monk)           Turns: 1989, Time: 00:01:34

Health: -3/42      AC:  4    Str: 14    XL:     5   Next: 2%
Magic:  5/5        EV: 13    Int: 11    God:
Gold:   140        SH:  0    Dex: 15    Spells: 4/4 levels left

rFire   . . .        a - +0 hand axe
rCold   . . .        d - orb {light}
rNeg    . . .        b - +0 robe
rPois   .            (no helmet)
rElec   .            (no cloak)
rCorr   .            (no gloves)
SInv    .            (no boots)
Will    .....        (no amulet)
Stlth   +            (no ring)
HPRegen 0.27/turn    (no ring)
MPRegen 0.18/turn

%: no passive effects
@: glowing
A: thin metallic scales 1, magic regeneration
a: no special abilities


You were on level 2 of the Dungeon.
You visited 1 branch of the dungeon, and saw 2 of its levels.

You collected 140 gold pieces.

Inventory:

Hand Weapons
 a - a +0 hand axe (weapon)
Armour
 b - a +0 robe (worn)
 d - an orb of light (worn)
Potions
 c - a potion of ambrosia
 f - a potion of magic {unknown}
 g - a potion of curing {unknown}
 i - a potion of mutation {unknown}


   Skills:
 + Level 4.1 Fighting
 + Level 3.7 Axes
 + Level 3.6 Dodging


You had 4 spell levels left.
You didn't know any spells.
Your spell library contained the following spells:

 Spells                   Type           Power      Damage    Failure   Level
 Sandblast                Erth           0%         2d4       34%         1
 Passwall                 Tmut/Erth      0%         N/A       47%         2
 Stone Arrow              Conj/Erth      0%         3d7       71%         3


Dungeon Overview and Level Annotations

Branches:
Dungeon (2/15)

Altars:

Annotations:
D:2 Natasha


Innate Abilities, Weirdness & Mutations

You are partially covered in thin metallic scales. (AC +2)
You regenerate magic rapidly.


Message History

You feel sick. The adder bites you.
You are more poisoned.
The adder poisons you!
An adder is nearby!
You hit the adder but do no damage.
The adder is almost dead.
You feel sick. The adder closely misses you.
An adder is nearby!
You closely miss the adder.
The adder is almost dead.
You feel sick. The adder barely misses you. x2
You slash the adder!
You kill the adder!
You feel sick.
You have reached level 5!
Your demonic ancestry asserts itself...
Your magic begins to regenerate rapidly.
You feel sick.
You feel sick.
You feel sick.
You feel sick.
You are no longer poisoned.
Natasha, Servant of Life and Death comes into view.
She is carrying a wand of flame (18).
Natasha is nearby!
Natasha hisses angrily.
Natasha zaps a wand.
The puff of flame hits you!
You are too injured to fight recklessly!
Natasha is nearby!
You are too injured to fight recklessly!
Natasha is nearby!
You are too injured to fight recklessly!
Natasha mumbles some strange words.
Natasha zaps a wand.
The puff of flame hits you!
* * * LOW HITPOINT WARNING * * *
A ball python comes into view.
The ball python hisses angrily.
Natasha zaps a wand.
The puff of flame hits you!
* * * LOW HITPOINT WARNING * * *
The cerulean imp hits you from afar with a +2 spear.
You die...

#..#..#..#..# #.#
#.#....#.#..# #.#
#.#....#.#..####.#
#.##..##
##....#.###.# #
#..†# #..##.#.....#
#..## ##.##..######
##...###..##.....#
##.....#......###.##
#...@..#...#### #..#
##...h###..# ##.##
#....5.#...# #...
............# ####
#S........#### #
...##..##### #.. ..#
## ###


You could see Natasha, a cerulean imp (summoned) and a ball python.

Vanquished Creatures
  Natasha (twice) (D:2)
  A gnoll (D:1)
  2 adders (D:2)
  2 worms (D:2)
  5 bats
  9 endoplasms
  4 giant cockroaches
  7 goblins
  4 hobgoblins
  4 jackals (D:1)
  A quokka (D:2)
  5 ball pythons
  A frilled lizard (D:1)
  2 kobolds (D:2)
  2 rats (D:1)
51 creatures vanquished.

Notes
Turn   | Place    | Note
-------+----------+-------------------------------------------
     0 | D:1      | innerfire43 the Demonspawn Monk began the quest for the
                  | Orb.
     0 | D:1      | Reached XP level 1. HP: 18/18 MP: 1/1
   261 | D:1      | Gained mutation: You are partially covered in thin metallic
                  | scales. (AC +2) [demonic ancestry]
   261 | D:1      | Reached XP level 2. HP: 24/24 MP: 2/2
   459 | D:1      | Reached XP level 3. HP: 22/29 MP: 3/3
  1264 | D:2      | Noticed Natasha
  1273 | D:2      | Killed Natasha
  1274 | D:2      | Reached XP level 4. HP: 31/37 MP: 4/4
  1755 | D:2      | Noticed Natasha
  1770 | D:2      | Killed Natasha
  1771 | D:2      | Reached skill level 4 in Fighting
  1955 | D:2      | Gained mutation: You regenerate magic rapidly. [demonic
                  | ancestry]
  1955 | D:2      | Reached XP level 5. HP: 24/42 MP: 5/5
  1984 | D:2      | Noticed Natasha
  1988 | D:2      | HP: 1/42 [Natasha/puff of flame (11)]
  1989 | D:2      | Slain by a cerulean imp

Illustrated notes

Levels and vault maps discovered:
D:1:      kennysheep_arrival_seaside, layout_loops_ring, dk_noncrumbling_4
D:2:      layout_basic, ebering_ecumenical_altar_rust, nicolae_half_adder,
          uniq_natasha

Skill      XL: |  1  2  3  4 |
---------------+-------------+-----
Axes           | 3 |  3.7
Dodging        | 3 |  3.6
Fighting       | 4 |  4.1

Action                     |  1- 3 |  4- 6 || total
---------------------------+-------+-------++-------
  Melee: Hand axe          |   103 |    72 ||   175
    Use: Scroll            |     3 |       ||     3
         Potion            |       |     1 ||     1
 Armour: Robe              |    29 |    22 ||    51
  Dodge: Dodged            |    72 |    58 ||   130

Table legend: (Time is in decaauts)
 A = Elapsed time spent in this place.
 B = Non-inter-level travel time spent in this place.
 C = Inter-level travel time spent in this place.
 D = Time resting spent in this place.
 E = Time spent auto-exploring this place.
 F = Levels seen in this place.
 G = Mean time per level.
                   A        B        C        D        E       F      G
               +--------+--------+--------+--------+--------+-----+--------+
         Total |   2010 |   1966 |     44 |      0 |   1620 |   2 | 1005.0 |
       Dungeon |   2010 |   1966 |     44 |      0 |   1620 |   2 | 1005.0 |
               +--------+--------+--------+--------+--------+-----+--------+

Top non-repeatable levels by time:
     D:2: 1030 daAuts
     D:1: 980 daAuts
